cohdb
Replays
Latest Replays
All Replays
Popular Replays
Top Player Replays
Match Explorer
How It Works
Community
CoH3 Stats
Reddit
Sign in to upload your games and track your stats! →
Sign in with Steam
Match 41532757
Unlisted
Match 41532757
Overview
Messages
Build Orders
End
Construct Infanterie Kompanie
Selects Terror Battlegroup
Selects Machine Gun Camouflage
MG 42 Machine Gun Team
Grenadier Squad
GrW 34 Mortar Team
Grenadier Squad
Infanterie Officer Quarters
Selects Interrogate
Grenadier Squad
MG 42 Machine Gun Team
Construct Panzergrenadier Kompanie
Pak 40 Anti-tank Gun Team
Construct Panzer Kompanie
Selects Jericho Trumpet
Jericho Trumpet
Stoßtruppen Squad
Panzer IV Medium Tank
Panzer Officer Quarters
Jericho Trumpet
Selects No Quarter
Stoßtruppen Squad
Jericho Trumpet
Stoßtruppen Squad
Jericho Trumpet
Phan
SoldMyDad
cumsader
Shawman
BossManShaw
Herald of Salt
0
0
Comments
sign in to comment!
No comments posted yet!